 Dungeon Crawl Stone Soup version 0.29-a0-330-g52719c12eb (webtiles) character file.

Game seed: 7438100332132279184

112 kae the Magician (level 4, 0/24 HPs)
             Began as a Deep Elf Fire Elementalist on May 1, 2022.
             Killed by divine providence
             ... invoked by an orc priest
              (12 damage)
             ... on level 3 of the Dungeon.
             The game lasted 00:01:24 (2695 turns).

kae the Magician (Deep Elf Fire Elementalist)       Turns: 2695, Time: 00:01:24

Health: 0/24       AC:  4    Str:  5    XL:     4   Next: 64%
Magic:  7/12       EV: 12    Int: 22    God:
Gold:   81         SH:  0    Dex: 15    Spells: 2/11 levels left

rFire   . . .      SeeInvis .   j - staff of conjuration
rCold   . . .      Faith    .   (no shield)
rNeg    . . .      Spirit   .   a - +0 robe
rPois   .          Reflect  .   (no helmet)
rElec   .          Harm     .   (no cloak)
rCorr   .          Rampage  .   (no gloves)
Will    .....                   d - +1 pair of boots
Stlth   ++........              (no amulet)
HPRegen 0.08/turn               (no ring)
MPRegen 0.13/turn               (no ring)

@: very slightly contaminated
A: no striking features
a: no special abilities


You were on level 3 of the Dungeon.
You visited 1 branch of the dungeon, and saw 3 of its levels.

You collected 81 gold pieces.

Inventory:

Hand Weapons
 f - a +0 short sword
 g - a +1 dagger of speed
Armour
 a - a +0 robe (worn)
 d - a +1 pair of boots (worn)
 m - a +3 scale mail
Magical Staves
 j - a staff of conjuration (weapon)
Wands
 i - a wand of flame (5)
Scrolls
 c - a scroll of identify
Potions
 b - a potion of magic
 e - a potion of degeneration
 h - 2 potions of ambrosia {unknown}
 k - a potion of curing {unknown}
 l - a potion of flight {unknown}
 n - a potion of haste {unknown}


   Skills:
 * Level 0.2 Fighting
 + Level 0.0 Armour
 + Level 2.5 Dodging
 - Level 2.4 Stealth
 + Level 4.4 Spellcasting
 + Level 2.9 Conjurations
 + Level 4.3 Fire Magic


You had 2 spell levels left.
You knew the following spells:

 Your Spells              Type           Power      Damage    Failure   Level
a - Foxfire               Conj/Fire      100%       2x1d9     2%          1
b - Scorch                Fire           48%        2d7       2%          2
c - Conjure Flame         Conj/Fire      31%        6-21      8%          3
d - Inner Flame           Hex/Fire       14%        N/A       13%         3

Your spell library contained the following spells:

 Spells                   Type           Power      Damage    Failure   Level
 Sting                    Tmut/Pois      16%        1d3       11%         1
 Poisonous Vapours        Pois/Air       8%         N/A       16%         2
 Flame Wave               Conj/Fire      31%        2d8       24%         4
 Olgreb's Toxic Radiance  Pois           4%         N/A       71%         4
 Summon Cactus Giant      Summ           2%         N/A       100%        6


Dungeon Overview and Level Annotations

Branches:
Dungeon (3/15)

Altars:


Message History

The foxfire hits the orc priest.
The orc priest is moderately wounded.
An orc comes into view. It is wielding a +0 flail.
An orc comes into view. It is wielding a +0 whip.
Casting: Foxfire (safe; 2% risk of failure)
Confirm with . or Enter, or press ? or * to list all spells.
You feel a surge of power!
You conjure some foxfire!
The orc priest mumbles some strange prayers to Beogh against you.
Beogh smites you!
Ouch! That really hurt!
You hear the brisk rusting of a very distant drain.
Your foxfire dissipates!
The foxfire hits the orc priest.
The orc priest is moderately wounded.
The foxfire hits the orc.
The orc is severely wounded.
Casting: Foxfire (safe; 2% risk of failure)
Confirm with . or Enter, or press ? or * to list all spells.
You feel a surge of power!
You conjure some foxfire!
The foxfire hits the orc.
You kill the orc!
The foxfire hits the orc priest but does no damage.
The orc priest is moderately wounded.
Casting: Foxfire (safe; 2% risk of failure)
Confirm with . or Enter, or press ? or * to list all spells.
You feel a surge of power!
You miscast Foxfire.
You are very lightly contaminated with residual magic.
Nothing appears to happen.
Casting: Foxfire (safe; 2% risk of failure)
Confirm with . or Enter, or press ? or * to list all spells.
You feel a surge of power!
You conjure some foxfire!
The foxfire hits the orc priest.
The orc priest is heavily wounded.
Casting: Foxfire (safe; 2% risk of failure)
Confirm with . or Enter, or press ? or * to list all spells.
You feel a surge of power!
You conjure some foxfire!
The orc priest calls down the wrath of Beogh upon you.
Beogh smites you!
Ouch! That really hurt!
You die...

.# .# ##
## .# o.
)# # o#
##.# #. o#
...#
#§.#####v#
####
#.§§§§v@§#
#.###.####
##.# #..#
#.## #.#
#.# #.# #
#.#


You could see an orc priest (ally target) and 2 orcs.

Vanquished Creatures
  An iguana (D:2)
  2 adders
  A dart slug (D:1)
  2 worms (D:2)
  An orc (D:3)
  7 ball pythons
  7 endoplasms
  4 giant cockroaches
  5 goblins
  7 hobgoblins
  2 kobolds
  2 quokkas
  6 bats
  5 frilled lizards
  3 rats
55 creatures vanquished.

Vanquished Creatures (collateral kills)
  3 foxfires (D:1)
3 creatures vanquished.

Vanquished Creatures (others)
  213 foxfires
  5 toadstools (D:1)
218 creatures vanquished.

Grand Total: 276 creatures vanquished

Notes
Turn   | Place    | Note
-------+----------+-------------------------------------------
     0 | D:1      | kae the Deep Elf Fire Elementalist began the quest for the
                  | Orb.
     0 | D:1      | Reached XP level 1. HP: 10/10 MP: 6/6
   224 | D:1      | Reached XP level 2. HP: 15/15 MP: 6/8
   227 | D:1      | Learned a level 2 spell: Scorch
   886 | D:1      | Reached XP level 3. HP: 19/19 MP: 6/10
   896 | D:1      | Learned a level 3 spell: Conjure Flame
   963 | D:1      | Learned a level 3 spell: Inner Flame
  1103 | D:1      | Found a faded altar of an unknown god.
  1429 | D:2      | Reached XP level 4. HP: 14/24 MP: 6/12
  2695 | D:3      | Killed from afar by an orc priest

Illustrated notes

Levels and vault maps discovered:
D:1:      ldierk_walled_garden, layout_basic,
          shapermc_ecumenical_altar_acropolis
D:2:      layout_basic
D:3:      layout_loops_ring, cheibrodos_sewer_entry_bend

Skill      XL: |  1  2  3 |
---------------+----------+-----
Conjurations   | 2 |  2.9
Spellcasting   | 4 |  4.4
Fire Magic     | 4 |  4.3
Fighting       | |  0.2
Dodging        | |  2.5
Stealth        | |  2.4

Action                   |  1- 3 |  4- 6 || total
-------------------------+-------+-------++-------
Melee: Unarmed           |     1 |       ||     1
       Dagger            |       |     2 ||     2
 Cast: Foxfire           |    81 |    50 ||   131
       Scorch            |     2 |     1 ||     3
  Use: Scroll            |     2 |     2 ||     4
Armor: Robe              |     1 |     4 ||     5
Dodge: Dodged            |    19 |     3 ||    22

Table legend: (Time is in decaauts)
 A = Elapsed time spent in this place.
 B = Non-inter-level travel time spent in this place.
 C = Inter-level travel time spent in this place.
 D = Time resting spent in this place.
 E = Time spent auto-exploring this place.
 F = Levels seen in this place.
 G = Mean time per level.
                   A        B        C        D        E       F      G
               +--------+--------+--------+--------+--------+-----+--------+
         Total |   2693 |   2593 |    100 |      0 |   2174 |   3 |  897.7 |
       Dungeon |   2693 |   2593 |    100 |      0 |   2174 |   3 |  897.7 |
               +--------+--------+--------+--------+--------+-----+--------+

Top non-repeatable levels by time:
     D:2: 1169 daAuts
     D:1: 1163 daAuts
     D:3: 361 daAuts
